 Dungeon Crawl Stone Soup version 0.30.1-11-g7821555f0a (webtiles) character file.

Game seed: 717800886051145617

165491 Scypho the Warrior (level 17, -9/244 HPs)
             Began as a Minotaur Fighter on Dec 4, 2023.
             Was an Elder of Okawaru.
             Mangled by a spriggan rider
             ... wielding a +2 spear of venom
              (16 damage)
             ... on level 4 of the Swamp on Dec 5, 2023.
             The game lasted 01:26:15 (29488 turns).

Scypho the Warrior (Minotaur Fighter)              Turns: 29488, Time: 01:26:16

Health: -9/244     AC: 32    Str: 23    XL:     17   Next: 27%
Magic:  34/34      EV: 16    Int: 10    God:    Okawaru [****..]
Gold:   1717       SH:  0    Dex: 19    Spells: 16/16 levels left

rFire   . . .        P - +9 flail of Pueneaci {freeze, Dex+2}
rCold   . . .        e - +0 buckler "Cite" {MP+9 Dex+3 Stlth+}
rNeg    + . .        D - +11 plate armour "Uttes" {Will+ Int+3 Stlth+}
rPois   .            (helmet restricted)
rElec   .            S - scarf {repulsion}
rCorr   .            T - +0 pair of gloves
SInv    +            x - +0 pair of boots
Will    +++..        L - amulet of the Lily {rN+ Regen+} Stlth
                     a - ring of see invisible
HPRegen 1.40/turn    I - ring of willpower
MPRegen 0.24/turn

%: repel missiles
@: confused, mighty, berserking (expiring), lethally poisoned (-9 -> -19),
ambrosia-drunk, very quick
A: horns 2, retaliatory headbutt
a: Renounce Religion, Heroism, Finesse


You were on level 4 of the Swamp.
You worshipped Okawaru.
Okawaru was greatly pleased with you.
You visited 3 branches of the dungeon, and saw 24 of its levels.
You also visited: Ice Cave.

You collected 2449 gold pieces.
You spent 732 gold pieces at shops.

Inventory:

Hand Weapons
 P - the +9 flail of Pueneaci (weapon) {freeze, Dex+2}
   (Okawaru gifted it to you on level 5 of the Lair of Beasts)

   Dex:       It affects your dexterity (+2).
Missiles
 c - 2 silver javelins
 v - 5 boomerangs of dispersal
 w - 9 boomerangs (quivered)
 z - 2 throwing nets
Armour
 e - the +0 buckler "Cite" (worn) {MP+9 Dex+3 Stlth+}
   (Okawaru gifted it to you on level 2 of the Lair of Beasts)

   Dex:       It affects your dexterity (+3).
   MP:        It affects your magic capacity (+9).
   Stlth:     It makes you more stealthy.
 x - a +0 pair of boots (worn)
 D - the +11 plate armour "Uttes" (worn) {Will+ Int+3 Stlth+}
   (Okawaru gifted it to you on level 11 of the Dungeon)

   Int:       It affects your intelligence (+3).
   Will:      It increases your willpower.
   Stlth:     It makes you more stealthy.
 S - a scarf of repulsion (worn)
 T - a +0 pair of gloves (worn)
 Y - +5 gold dragon scales
Jewellery
 a - a ring of see invisible (left hand)
 b - a ring of poison resistance
 g - a +4 ring of protection
 m - an amulet of reflection
 I - a ring of willpower (right hand)
 L - the amulet of the Lily (around neck) {rN+ Regen+}
   (You found it on level 13 of the Dungeon)

   [amulet of regeneration]

   rN:        It protects you from negative energy.
   Regen:     It increases your rate of health regeneration.
 M - a ring of resist corrosion
 X - an amulet of the acrobat
Wands
 d - a wand of digging (6)
 B - a wand of iceblast (16)
 C - a wand of flame (51)
 J - a wand of paralysis (12)
 O - a wand of acid (5)
Scrolls
 f - 5 scrolls of fear
 l - 7 scrolls of immolation
 n - 5 scrolls of blinking
 p - 3 scrolls of brand weapon
 q - 4 scrolls of teleportation
 t - a scroll of magic mapping {unknown}
 E - a scroll of poison
 G - 2 scrolls of fog
 Q - a scroll of silence
 R - 2 scrolls of enchant weapon
 V - 2 scrolls of torment {unknown}
 W - a scroll of amnesia
Potions
 h - 7 potions of mutation
 i - 3 potions of cancellation {unknown}
 j - 2 potions of curing
 k - 2 potions of berserk rage
 o - a potion of ambrosia
 r - 5 potions of lignification
 s - a potion of resistance
 u - 4 potions of attraction
 y - 6 potions of invisibility
 A - 5 potions of haste
 F - 3 potions of flight
 H - 6 potions of heal wounds
 N - 2 potions of might
 U - 2 potions of brilliance
Miscellaneous
 K - a piece from Xom's chessboard (15/15)


   Skills:
 + Level 17.9 Fighting
 - Level 14.0 Maces & Flails
 + Level 17.9 Armour
 + Level 15.6 Dodging
 - Level 16.3 Shields
 - Level 12.5 Invocations


You had 16 spell levels left.
You didn't know any spells.
Your spell library contained the following spells:

 Spells                   Type           Power      Damage    Failure   Level
 Kiss of Death            Conj/Necr      0%         2d5       96%         1
 Magic Dart               Conj           0%         1d3       96%         1
 Static Discharge         Conj/Air       0%         2-2/arc   99%         2
 Sublimation of Blood     Necr           0%         N/A       99%         2
 Confusing Touch          Hex            0%         N/A       100%        3
 Dazzling Flash           Conj/Hex       0%         N/A       100%        3
 Gell's Gravitas          Tloc           0%         N/A       100%        3
 Hailstorm                Conj/Ice       0%         3d3       100%        3
 Mephitic Cloud           Conj/Pois/Air  0%         N/A       100%        3
 Stone Arrow              Conj/Erth      0%         3d7       100%        3
 Teleport Other           Tloc           0%         N/A       100%        3
 Vhi's Electric Charge    Tloc/Air       0%         N/A       100%        3
 Volatile Blastmotes      Fire/Tloc      0%         2d10      100%        3
 Dispel Undead            Necr           0%         3d6       100%        4
 Fulminant Prism          Conj/Hex       0%         3d5       100%        4
 Iskenderun's Mystic Bla  Conj/Tloc      0%         2d3       100%        4
 Passage of Golubria      Tloc           0%         N/A       100%        4
 Petrify                  Tmut/Erth      0%         N/A       100%        4
 Arcjolt                  Conj/Air       0%         1d10      100%        5
 Irradiate                Conj/Tmut      0%         3d11      100%        5
 Lee's Rapid Deconstruct  Erth           0%         3d4*      100%        5
 Silence                  Hex/Air        0%         N/A       100%        5
 Dispersal                Tloc           0%         N/A       100%        6
 Plasma Beam              Fire/Air       0%         2x1d11    100%        6
 Starburst                Conj/Fire      0%         6d3       100%        6
 Storm Form               Tmut/Air       0%         N/A       100%        7
 Borgnjor's Revivificati  Necr           0%         N/A       100%        8
 Lehudib's Crystal Spear  Conj/Erth      0%         10d2      100%        8
 Maxwell's Capacitive Co  Air            0%         ∞         100%        8
 Necromutation            Tmut/Necr      0%         N/A       100%        8
 Death's Door             Necr           0%         N/A       100%        9
 Call Imp                 Summ           Unusable   N/A       N/A         2
 Animate Armour           Summ/Erth      Unusable   N/A       N/A         4
 Summon Lightning Spire   Summ/Air       Unusable   N/A       N/A         4

Dungeon Overview and Level Annotations

Branches:
Dungeon (15/15)            Temple (0/1) D:6            Lair (5/5) D:10
  Swamp (4/4) Lair:2       Spider (0/4) Lair:2        Slime (0/5) Lair:5
    Orc (0/2) D:9          Vaults (0/5) D:14         Depths (0/4) D:15
  IceCv (visited)

Altars:
Dithmenos
Fedhas
Makhleb
Nemelex Xobeh
Okawaru
Qazlal
Trog
Zin

Shops:
D:4 ?   D:8 =   D:11 [   D:13 ([

Annotations:
D:8 2 transporters, lonewolfV2's ghost, novice MiFi
D:9 1 runed translucent door, AppTheSpectato's ghost, novice TrGl
D:10 3 runed translucent doors, exclusion: orange crystal statue


Innate Abilities, Weirdness & Mutations

You have a pair of horns on your head.
You reflexively headbutt those who attack you in melee.


Message History

Okawaru accepts your kill.
The spriggan falls from its now dead mount.
You freeze the spriggan!
You kill the spriggan!
Okawaru accepts your kill.
You feel sick.
The spriggan rider hits you from afar with a +2 spear of venom!
* * * LOW HITPOINT WARNING * * *
You are more poisoned.
You closely miss the swamp worm.
You feel very sick. The swamp worm barely misses you.
You're too confused to move!
You feel very sick.
The spriggan rider hits you but does no damage.
You bludgeon the swamp worm!! You freeze the swamp worm!
You kill the swamp worm!
Okawaru accepts your kill.
You feel sick.
The spriggan rider hits you but does no damage.
You are more poisoned.
You enter the shallow water.
Moving in this stuff is going to be slow.
You feel very sick.
A six-headed hydra comes into view.
You feel a strong urge to attack something.
You feel very sick.
The spriggan rider hits you with a +2 spear of venom!!
* * * LOW HITPOINT WARNING * * *
You are lethally poisoned!
The six-headed hydra moves out of view.
You see here a swamp worm corpse.
You are too berserk!
You are too berserk!
You are too berserk!
You miss the spriggan rider.
* * * LOW HITPOINT WARNING * * *
You feel sick.
The spriggan rider hits you with a +2 spear of venom!
You die...

.♣♣ ~. ..♣ ..~
..♣ ♣♣ ~.~♣♣
♣♣♣..♣♣~♣♣
~.~..
♣.~..~~..♣
...~~.♣~....[~♣
...~~.♣i~....♣♣
.~~.~..@)~...~♣
......).~..♣.♣♣
♣ ~♣....)).♣♣♣
♣ ♣....♣♣♣♣ ♣
♣♣♣♣♣♣♣♣~.♣♣ ♣♣
♣.~~..♣♣♣♣
~♣♣♣§~~.♣
.♣♣~~~.~♣♣♣
♣♣♣.÷..<..♣


You could see a spriggan rider (strong).

Vanquished Creatures
  the Lernaean hydra (Swamp:4)
  Nikola (Swamp:2)
  Kirke (Lair:4)
  Gastronok (Lair:2)
  Aizul (Swamp:2)
  2 ghouls (Swamp:2)
  2 very ugly things (Swamp:4)
  The ghost of Myxzi the Grappler, a journeyman TrFi of Okawaru (D:13)
  3 eleionomae
  4 bunyips
  Snorg (D:13)
  A shambling mangrove (Swamp:2)
  A spriggan zombie (D:15)
  A great orb of eyes (Swamp:4)
  A hell beast (Swamp:4)
  8 vault guards (D:14)
  4 catoblepae
  6 centaur warriors
  20 hydras
  9 alligators
  7 boulder beetles
  2 ironbound frosthearts (IceCv)
  2 ghost crabs (Swamp:2)
  3 two-headed ogres
  22 death yaks
  A vampire mage (D:15)
  A tengu warrior (D:14)
  2 thrashing horrors (Swamp:4)
  3 skysharks
  A sea snake (shapeshifter) (D:14)
  7 skeletal warriors
  2 spriggan druids
  7 goliath frogs
  A golden dragon zombie (D:15)
  18 bog bodies
  A death drake (Swamp:3)
  5 swamp dragons
  A tengu zombie (D:15)
  A lindwurm (Lair:4)
  5 cyclopes
  A deep elf pyromancer (D:13)
  A necromancer (D:15)
  4 will-o-the-wisps
  19 ugly things
  3 manticores
  12 elephants
  A cane toad (shapeshifter) (D:15)
  An ice statue (IceCv)
  2 black mambas
  13 cane toads
  2 gargoyles
  2 orange demons (Swamp:4)
  2 unseen horrors
  6 rime drakes
  2 unseen horror zombies (D:8)
  A yaktaur (D:15)
  2 tengu conjurers (D:14)
  A spectral redback (D:13)
  A redback zombie (D:13)
  17 komodo dragons
  3 kobold demonologists (D:14)
  5 trolls
  15 polar bears
  2 wolf spider simulacra (D:13)
  9 hornets
  5 tyrant leeches
  4 blink frogs
  5 dream sheep
  7 spriggans
  2 centaur simulacra (D:13)
  3 shadows
  7 slime creatures
  A water elemental (D:14)
  7 wyverns
  2 humans (Lair:4)
  2 vampires (D:11)
  4 hogs (Lair:4)
  4 basilisks
  60 yaks
  The ghost of Nonny the Slasher, an amateur MfMo of Zin (D:5)
  3 steam dragons (D:8)
  3 wraiths (D:10)
  23 vampire mosquitoes
  2 redbacks (Lair:2)
  15 swamp worms
  4 acid dragons
  14 water moccasins
  A glowing shapeshifter skeleton (D:15)
  A meliai simulacrum (D:13)
  4 black bears
  2 orc warriors
  A sky beast (D:8)
  2 swamp drakes
  4 ice beasts
  5 centaurs
  24 wolves
  3 ogres
  3 phantoms
  Blork the orc (D:5)
  9 kobold brigands
  17 bullfrogs
  A wyvern zombie (D:8)
  3 gnoll sergeants
  3 necrophages (Swamp:2)
  2 scorpions (D:5)
  8 wights
  18 killer bees
  2 howler monkeys (D:8)
  A howler monkey (shapeshifter) (D:13)
  An electric eel (Lair:1)
  2 centaur zombies (D:8)
  2 hounds
  A jelly (D:8)
  Crazy Yiuf (D:2)
  2 gnoll boudas
  5 orc priests
  3 iron imps (D:13)
  A spectral boggart (D:13)
  2 sleepcaps (D:6)
  5 iguanas
  14 orc wizards
  A killer bee zombie (D:8)
  2 howler monkey zombies (D:8)
  10 adders
  17 gnolls
  3 white imps
  2 ufetubi (D:6)
  2 worms (D:3)
  5 dart slugs
  29 orcs
  3 bats (D:1)
  6 endoplasms
  6 giant cockroaches
  12 goblins
  8 hobgoblins
  6 jackals (D:1)
  5 quokkas
  5 ball pythons
  4 frilled lizards
  38 kobolds
  2 rats
786 creatures vanquished.

Vanquished Creatures (others)
  2 bloated husks (Swamp:2)
  14 foxfires
16 creatures vanquished.

Grand Total: 802 creatures vanquished

Notes
Turn   | Place    | Note
-------+----------+-------------------------------------------
     0 | D:1      | Scypho the Minotaur Fighter began the quest for the Orb.
     0 | D:1      | Reached XP level 1. HP: 19/19 MP: 0/0
    69 | D:1      | Reached XP level 2. HP: 25/26 MP: 1/1
   309 | D:1      | Reached XP level 3. HP: 31/31 MP: 2/2
   485 | D:2      | Reached skill level 5 in Maces & Flails
   687 | D:2      | Reached XP level 4. HP: 22/39 MP: 3/3
  1006 | D:2      | Found a runed translucent door.
  1007 | D:2      | Noticed Crazy Yiuf
  1016 | D:2      | Killed Crazy Yiuf
  1019 | D:2      | Identified the +2 hammer "Nenuxt" {vamp, rPois rN+ Will+}
  1020 | D:2      | Identified the +8 hammer "Hakuskel" {flame, rCorr Str+2}
  1815 | D:3      | Reached XP level 5. HP: 45/45 MP: 4/4
  2079 | D:4      | Found Erchudde's Magic Scroll Shop.
  2095 | D:4      | Bought 3 scrolls of identify for 84 gold pieces
  2138 | D:4      | Noticed a black bear
  2185 | D:4      | Killed a black bear
  2186 | D:4      | Reached XP level 6. HP: 41/51 MP: 5/5
  2190 | D:4      | Found a stormy altar of Qazlal.
  2842 | D:5      | Entered Level 5 of the Dungeon
  2862 | D:5      | Reached XP level 7. HP: 57/57 MP: 6/6
  3000 | D:5      | Noticed Blork the orc
  3009 | D:5      | Killed Blork the orc
  3010 | D:5      | Reached skill level 10 in Maces & Flails
  3365 | D:5      | Found a runed translucent door.
  3366 | D:5      | Noticed Nonny's ghost (amateur MfMo)
  3372 | D:5      | Reached XP level 8. HP: 64/64 MP: 7/7
  3381 | D:5      | Killed Nonny's ghost
  4164 | D:6      | Found an iron altar of Okawaru.
  4175 | D:6      | Became a worshipper of Warmaster Okawaru
  4416 | D:6      | Found a staircase to the Ecumenical Temple.
  4740 | D:6      | Reached XP level 9. HP: 70/70 MP: 8/8
  4839 | D:6      | Reached skill level 1 in Invocations
  4843 | D:6      | Found a burning altar of Makhleb.
  5043 | D:6      | Reached skill level 1 in Dodging
  5043 | D:6      | Reached * piety under Okawaru
  5939 | D:8      | Reached skill level 5 in Armour
  5939 | D:8      | Reached skill level 5 in Shields
  6046 | D:8      | Reached skill level 5 in Fighting
  6070 | D:8      | Reached ** piety under Okawaru
  6393 | D:8      | Reached XP level 10. HP: 57/83 MP: 10/10
  6436 | D:8      | Reached *** piety under Okawaru
  6468 | D:8      | Noticed a two-headed ogre
  6472 | D:8      | Killed a two-headed ogre
  6716 | D:8      | Found Rajoga's Jewellery Boutique.
  6735 | D:8      | Noticed a two-headed ogre
  6755 | D:8      | Found a transporter.
  6756 | D:8      | Noticed lonewolfV2's ghost (novice MiFi)
  6758 | D:8      | Found a bloodstained altar of Trog.
  6766 | D:8      | Noticed a moth of wrath
  6773 | D:8      | Found a transporter.
  6864 | D:8      | Noticed a centaur warrior
  6879 | D:8      | Reached **** piety under Okawaru
  6928 | D:8      | Noticed a cyclops
  6950 | D:8      | Killed a cyclops
  6964 | D:8      | Killed a centaur warrior
  7128 | D:8      | Reached ***** piety under Okawaru
  7190 | D:8      | Reached skill level 5 in Dodging
  7227 | D:8      | Identified a scroll of acquirement
  7228 | D:8      | Acquired a manual of Shields
  7386 | D:9      | Reached XP level 11. HP: 79/94 MP: 12/12
  7535 | D:9      | Found a staircase to the Orcish Mines.
  7856 | D:9      | Found a sparkling altar of Nemelex Xobeh.
  7886 | D:9      | Found a glowing silver altar of Zin.
  8173 | D:9      | Found a runed translucent door.
  8173 | D:9      | Noticed AppTheSpectato's ghost (novice TrGl)
  8211 | D:9      | Reached skill level 5 in Invocations
  8672 | D:10     | Entered Level 10 of the Dungeon
  8745 | D:10     | Received a gift from Okawaru
  8991 | D:10     | Found a staircase to the Lair.
  9122 | D:10     | Found a shadowy altar of Dithmenos.
  9243 | D:10     | Found a runed translucent door.
  9274 | D:10     | Found a runed translucent door.
  9288 | D:10     | Found a runed translucent door.
  9297 | D:10     | Found a runed translucent door.
  9317 | D:10     | Noticed an orange crystal statue
  9399 | D:10     | Reached skill level 10 in Shields
  9485 | D:10     | Noticed a two-headed ogre
  9515 | D:10     | Killed a two-headed ogre
  9515 | D:10     | Received a gift from Okawaru
 10298 | Lair:1   | Entered Level 1 of the Lair of Beasts
 10307 | Lair:1   | Reached XP level 12. HP: 94/105 MP: 16/16
 11503 | Lair:2   | Reached skill level 10 in Fighting
 11503 | Lair:2   | Reached skill level 10 in Armour
 11662 | Lair:2   | Found a hole to the Spider Nest.
 11725 | Lair:2   | Noticed a death yak
 11725 | Lair:2   | Noticed a death yak
 11725 | Lair:2   | Noticed a death yak
 11752 | Lair:2   | Killed a death yak
 11761 | Lair:2   | Killed a death yak
 11763 | Lair:2   | Killed a death yak
 11763 | Lair:2   | Identified the +0 buckler "Cite" {MP+9 Dex+3 Stlth+}
                  | (Okawaru gifted it to you on level 2 of the Lair of Beasts)
 11763 | Lair:2   | Received a gift from Okawaru
 11920 | Lair:2   | Noticed Gastronok
 11931 | Lair:2   | Killed Gastronok
 12368 | Lair:2   | Noticed an eight-headed hydra
 12387 | Lair:2   | Killed an eight-headed hydra
 12395 | Lair:2   | Noticed a six-headed hydra
 12402 | Lair:2   | Killed a six-headed hydra
 12511 | Lair:2   | Found a staircase to the Swamp.
 12970 | Lair:3   | Reached XP level 13. HP: 81/115 MP: 19/19
 13476 | Lair:3   | Received a gift from Okawaru
 13675 | Lair:3   | Reached skill level 10 in Invocations
 14810 | Lair:4   | Noticed Kirke
 14834 | Lair:4   | Killed Kirke
 15169 | Lair:4   | Received a gift from Okawaru
 16226 | Lair:4   | Reached XP level 14. HP: 126/126 MP: 21/21
 16391 | Lair:4   | Reached skill level 15 in Shields
 16402 | Lair:4   | Received a gift from Okawaru
 16744 | Lair:5   | Entered Level 5 of the Lair of Beasts
 17030 | Lair:5   | Found a staircase to the Slime Pits.
 17090 | Lair:5   | Reached skill level 10 in Dodging
 17615 | Lair:5   | Identified the +9 flail of Pueneaci {freeze, Dex+2}
                  | (Okawaru gifted it to you on level 5 of the Lair of Beasts)
 17615 | Lair:5   | Received a gift from Okawaru
 18879 | Lair:5   | Got the Catalogue of the Hazy Blizzard
 18880 | Lair:5   | Identified the +2 plate armour of Amireedd {rF+ Dex+4
                  | Stlth+}
 19299 | D:8      | Bought an amulet of reflection for 480 gold pieces
 19566 | D:11     | Found Ipiowedd's Antique Armour Shop.
 19977 | D:11     | Identified the +11 plate armour "Uttes" {Will+ Int+3
                  | Stlth+} (Okawaru gifted it to you on level 11 of the
                  | Dungeon)
 19977 | D:11     | Received a gift from Okawaru
 20020 | D:11     | Bought a glowing scarf for 168 gold pieces
 20076 | D:12     | Found a frozen archway.
 20087 | D:12     | Acquired 494 gold pieces
 20091 | IceCv    | Entered an ice cave
 20711 | IceCv    | Reached XP level 15. HP: 68/136 MP: 23/23
 20753 | IceCv    | Identified the +8 spear of Histrionic Defiance {spect,
                  | *Rage rF+ Will+}
 21511 | D:12     | Found an iron altar of Okawaru.
 22295 | D:13     | Found a runed translucent gate.
 22295 | D:13     | Found a runed translucent gate.
 22295 | D:13     | Found a runed translucent gate.
 22297 | D:13     | Identified the amulet of the Lily {rN+ Regen+}
 22313 | D:13     | Noticed Myxzi's ghost (journeyman TrFi)
 22351 | D:13     | Killed Myxzi's ghost
 22396 | D:13     | Identified the +6 whip of Jottesh {freeze, Dex+3}
 22478 | D:13     | Found Arrymas's Antique Weapon Emporium.
 22849 | D:13     | You fall into a shaft and drop 2 floors!
 22849 | D:15     | Entered Level 15 of the Dungeon
 22870 | D:15     | Found a blossoming altar of Fedhas.
 23131 | D:13     | Noticed Snorg
 23139 | D:13     | Killed Snorg
 23147 | D:13     | Found Merhoy Jiabb's Armour Boutique.
 23323 | D:13     | Found a burning altar of Makhleb.
 23831 | D:14     | Found a gate to the Vaults.
 23886 | D:14     | Reached skill level 15 in Fighting
 23886 | D:14     | Reached skill level 15 in Armour
 24861 | D:15     | Identified the +2 pair of gloves "Suaxuor" {-Tele rElec
                  | MP+9}
 25261 | D:15     | Reached XP level 16. HP: 147/148 MP: 24/24
 25307 | D:15     | Found a staircase to the Depths.
 26159 | Swamp:1  | Entered Level 1 of the Swamp
 26315 | Swamp:1  | Identified the +2 hat "Dedwoqix" {rCorr Str-2 Dex-2 Stlth+}
                  | (Okawaru gifted it to you on level 1 of the Swamp)
 26315 | Swamp:1  | Received a gift from Okawaru
 26583 | Swamp:1  | Reached ****** piety under Okawaru
 27168 | Swamp:2  | Noticed Aizul
 27191 | Swamp:2  | Killed Aizul
 27247 | Swamp:2  | Found the +27 heavy crossbow "Sniper" {heavy, Acc+∞ SInv}
 27254 | Swamp:2  | Noticed Nikola
 27272 | Swamp:2  | Killed Nikola
 28269 | Swamp:2  | Received a gift from Okawaru
 28322 | Swamp:2  | Reached skill level 15 in Dodging
 28874 | Swamp:4  | Entered Level 4 of the Swamp
 29219 | Swamp:4  | Reached XP level 17. HP: 151/162 MP: 25/25
 29393 | Swamp:4  | Noticed the 27-headed Lernaean hydra
 29422 | Swamp:4  | Killed the 27-headed Lernaean hydra
 29465 | Swamp:4  | HP: 8/244 [swamp worm (10)]
 29479 | Swamp:4  | HP: 4/163 [spriggan rider/+0 quarterstaff (11)]
 29487 | Swamp:4  | HP: 7/244 [spriggan rider/+2 spear of venom (21)]
 29488 | Swamp:4  | Mangled by a spriggan rider

Illustrated notes

Levels and vault maps discovered:
D:1:      lemuel_arrival_broad_hall, layout_rooms, nrook_mini_backslash
D:2:      layout_basic, chequers_serial_rivers_large_b, glass_columns_b,
          chequers_serial_rivers_micro_b, uniq_crazy_yiuf_cottage
D:3:      layout_loops_ring, roderic_lattice_a, hangedman_decor_push
D:4:      layout_loops_ring, nicolae_qazlal_scattered_showers, serial_shops,
          shop
D:5:      layout_cave_pods, ebering_ghost_sewer_d, uniq_blork_the_orc
D:6:      layout_gridville, overflow_temple_1_default,
          mainiacjoe_overflow_boulevard, minmay_temple_entry_junction,
          chequers_decorated_corner, ldierk_geyser
D:7:      layout_basic
D:8:      minmay_chambers_of_sixes, layout_loops_ring,
          gammafunk_ghost_wrathful_warriors, serial_undead, serial_undead_f,
          serial_undead_e, serial_undead_e, serial_undead_f, serial_shops, shop,
          kennysheep_kite_vault
D:9:      layout_roguey, mainiacjoe_overflow_two_lobes, orc_0_dummy,
          gammafunk_ghost_grave
D:10:     layout_roguey, nicolae_dithmenos_the_darkroom, erik_lair_dragon,
          minmay_statue_crystal_thing
D:11:     layout_gridville, serial_shops, nicolae_shop_just_a_little_nook,
          minmay_misc_feat_encased
D:12:     layout_loops_corners, portal_ice_cave_rime, okawaru_altar_gauntlet_db
D:13:     layout_basic, serial_shops, shop, gammafunk_ghost_necromancy,
          hangedman_decor_lopped, nicolae_inconvenience_store, demons_altar,
          uniq_snorg
D:14:     layout_basic, erik_vaults_2, grunt_decor_resistance, nrook_uturn,
          grunt_ministairs_15
D:15:     gammafunk_depths_entry_grave, layout_stronghold, old_standard_altar,
          amcnicky_mini_corridor_feature
Lair:1:   layout_chaotic_city, dreamdust_mushroom_princess, serial_bayou_pond_a,
          serial_bayou_shore_a, grunt_megastairs_4
Lair:2:   layout_cave_pods, palyth_hydra_swamp_entry, spider_nest_entry_webs,
          grunt_megastairs_1, uniq_gastronok
Lair:3:   layout_concentric_octagons
Lair:4:   nzn_winding_woodlands_large [nzn_winding_woodlands_5x5_checkerboard,
          nzn_winding_woodlands_5x15_crooked,
          nzn_winding_woodlands_5x5_perimeter,
          nzn_winding_woodlands_center_lodge,
          nzn_winding_woodlands_15x15_boxy_spiral,
          nzn_winding_woodlands_center_pierced_h,
          nzn_winding_woodlands_5x5_cross, nzn_winding_woodlands_5x15_cabin,
          nzn_winding_woodlands_5x5_closed_star], layout_hall_layers,
          nicolae_lair_yak_garden, uniq_kirke
Lair:5:   evilmike_catoblepas_cave, layout_long_grid, slime_entry_1
Swamp:1:  layout_basic_swamp, serial_swamp_ruin, evilmike_swamp_ruin_rubble_1,
          evilmike_swamp_ruin_house_3, evilmike_swamp_ruin_house_5
Swamp:2:  layout_basic_swamp, evilmike_swamp_ruin_house_2, st_shrine_of_shade,
          uniq_aizul, uniq_nikola
Swamp:3:  layout_basic_swamp, evilmike_swamp_ruin_wall, swamp_pool4
Swamp:4:  swamp_vile, layout_basic_swamp, nicolae_swamp_stuck_in_the_mud

Skill      XL: |  1  2  3  4  5  6  7  8  9 10 11 12 13 14 15 16 |
---------------+-------------------------------------------------+-----
Maces & Flails | 3 4 5 6 7 9 11 13 14 | 14.0
Invocations    | 2 3 7 9 11 12 | 12.5
Dodging        | 3 5 6 8 9 11 13 15 | 15.6
Shields        | 6 8 10 12 14 16 | 16.3
Fighting       | 6 8 9 10 12 13 15 17 | 17.9
Armour         | 6 8 9 10 12 13 15 17 | 17.9

Action                     |  1- 3 |  4- 6 |  7- 9 | 10-12 | 13-15 | 16-18 || total
---------------------------+-------+-------+-------+-------+-------+-------++-------
  Melee: Flail             |    79 |    40 |       |       |   900 |   634 ||  1653
         Headbutt          |     8 |    10 |    37 |   138 |   432 |   179 ||   804
         Mace              |       |    68 |   244 |   582 |   501 |       ||  1395
  Throw: Boomerang         |       |       |       |       |       |     2 ||     2
 Invoke: Heroism           |       |       |     2 |     8 |    14 |     9 ||    33
         Finesse           |       |       |       |     2 |     9 |     6 ||    17
    Use: Potion            |       |     1 |       |       |     1 |    19 ||    21
         Scroll            |       |    12 |     4 |     7 |     9 |     7 ||    39
   Stab: Petrified         |       |       |       |       |     6 |       ||     6
 Armour: Scale mail        |    34 |    40 |       |       |       |       ||    74
         Chain mail        |       |     1 |    71 |   140 |   123 |       ||   335
         Plate armour      |       |       |       |       |   264 |   340 ||   604
         Crystal plate arm |       |       |       |       |    36 |       ||    36
         Skin              |       |       |       |       |       |    25 ||    25
  Dodge: Dodged            |    32 |    31 |    67 |   201 |   443 |   342 ||  1116
         Repelled          |       |       |       |       |       |     9 ||     9
  Block: Buckler           |    13 |    19 |    33 |   125 |   432 |   265 ||   887
         Reflection        |       |       |       |       |     5 |       ||     5
